 Dungeon Crawl Stone Soup version 0.29.1-4-g47bece8355 (webtiles) character file.

Game seed: 10748522090262328528

56 fantasyman the Shield-Bearer (level 4, 0/37 HPs)
             Began as a Formicid Fighter on Dec 5, 2022.
             Succumbed to a scorpion's poison
             ... on level 3 of the Dungeon.
             The game lasted 00:02:34 (2172 turns).

fantasyman the Shield-Bearer (Formicid Fighter)     Turns: 2172, Time: 00:02:35

Health: 0/37       AC:  7    Str: 22    XL:     4   Next: 17%
Magic:  4/4        EV:  9    Int:  8    God:
Gold:   105        SH:  5    Dex: 13    Spells: 3/3 levels left

rFire   . . .      SeeInvis +   a - +0 long sword
rCold   . . .      Faith    .   c - +0 buckler
rNeg    . . .      Spirit   .   b - +0 scale mail
rPois   .          Reflect  .   (helmet unavailable)
rElec   .          Harm     .   (no cloak)
rCorr   .          Rampage  .   (no gloves)
Will    .....                   (no boots)
Stlth   ..........              (no amulet)
HPRegen 0.12/turn               (no ring)
MPRegen 0.09/turn               (no ring)

@: mighty, lethally poisoned (0 -> -12)
A: permanent stasis, dig shafts and tunnels, antennae 3, four strong arms
a: Dig, Shaft Self


You were on level 3 of the Dungeon.
You visited 1 branch of the dungeon, and saw 3 of its levels.

You collected 105 gold pieces.

Inventory:

Hand Weapons
 a - a +0 long sword (weapon)
Armour
 b - a +0 scale mail (worn)
 c - a +0 buckler (worn)
Jewellery
 k - a ring of positive energy
Scrolls
 e - a scroll of immolation {unknown}
 f - a scroll of butterflies {unknown}
 i - a scroll of magic mapping {unknown}
 l - a scroll of teleportation {unknown}
 m - a scroll of identify {unknown}
 o - a scroll of enchant armour {unknown}
Potions
 g - 2 potions of attraction {unknown}
 h - 3 potions of flight {unknown}
 j - 4 potions of curing {unknown}
 n - a potion of degeneration {unknown}
 p - a potion of brilliance {unknown}


   Skills:
 + Level 3.6 Fighting
 * Level 0.7(1.7) Short Blades
 - Level 2.5(2.6) Long Blades
 + Level 3.9 Armour
 - Level 0.1 Dodging
 * Level 0.9 Stealth
 + Level 4.4 Shields


You had 3 spell levels left.
You didn't know any spells.
Your spell library contained the following spells:

 Spells                   Type           Power      Damage    Failure   Level
 Ensorcelled Hibernation  Hex/Ice        0%         N/A       90%         2
 Passwall                 Tmut/Erth      0%         N/A       90%         2
 Swiftness                Air            Unusable   N/A       N/A         3

Dungeon Overview and Level Annotations

Branches:
Dungeon (3/15)

Altars:

Shops:
D:2 (


Innate Abilities, Weirdness & Mutations

You cannot be hasted, slowed, berserked, paralysed or teleported.
You can dig through walls and to a lower floor.
You have a pair of large antennae on your head. (SInv)
Your four strong arms can wield two-handed weapons with a shield.


Message History

The scorpion is lightly wounded.
The scorpion stings you.
An adder comes into view.
The scorpion attacks as you move away!
The scorpion stings you but does no damage.
The scorpion stings you. The scorpion attacks as you move away!
The scorpion stings you. The scorpion attacks as you move away!
The scorpion stings you.
You hit the scorpion.
The scorpion is moderately wounded.
The scorpion stings you.
You are poisoned.
The scorpion poisons you!
The scorpion stings you but does no damage.
You closely miss the scorpion.
The scorpion is moderately wounded.
You feel very sick. You block the scorpion's attack.
You hit the scorpion but do no damage.
The scorpion is moderately wounded.
You feel sick. The scorpion closely misses you. The scorpion stings you.
You closely miss the scorpion.
The scorpion is moderately wounded.
You feel sick. The scorpion barely misses you.
You hit the scorpion.
The scorpion is moderately wounded.
You feel sick. The scorpion stings you. The scorpion barely misses you.
You hit the scorpion but do no damage.
The scorpion is moderately wounded.
You feel sick. The scorpion stings you.
* * * LOW HITPOINT WARNING * * *
You feel very mighty all of a sudden.
You feel sick. The scorpion stings you.
* * * LOW HITPOINT WARNING * * *
You are lethally poisoned!
The scorpion poisons you! The scorpion stings you.
* * * LOW HITPOINT WARNING * * *
You hit the scorpion.
The scorpion is moderately wounded.
You die...

#.#....#.....#
.#..........#
...........####
#..............
#.#####.#######
#..##.....#
#.......#J#
#..##...#s#
#..###.##@#
#.........#
##........#
#........#
#........#
#...†....#
##..##.##.#
#####...##.##.#
#..........#


You could see a scorpion and an endoplasm.

Vanquished Creatures
  A worm (D:2)
  2 dart slugs
  An orc (D:2)
  5 endoplasms (D:2)
  4 giant cockroaches
  5 goblins
  4 jackals
  3 quokkas
  10 ball pythons
  3 bats
  2 frilled lizards
  2 kobolds
  2 rats
44 creatures vanquished.

Notes
Turn   | Place    | Note
-------+----------+-------------------------------------------
     0 | D:1      | fantasyman the Formicid Fighter began the quest for the
                  | Orb.
     0 | D:1      | Reached XP level 1. HP: 18/18 MP: 1/1
   546 | D:1      | Reached XP level 2. HP: 24/24 MP: 2/2
  1096 | D:1      | Reached XP level 3. HP: 29/29 MP: 3/3
  1311 | D:2      | Found Holeni Till's Antique Weapon Shop.
  1770 | D:2      | Reached XP level 4. HP: 35/36 MP: 4/4
  2154 | D:3      | Noticed a scorpion
  2172 | D:3      | Succumbed to a scorpion's poison

Illustrated notes

Levels and vault maps discovered:
D:1:      dpeg_arrival_central, layout_basic, minmay_misc_feat_four_crosses,
          nrook_mini_backslash, chequers_serial_rivers_micro_d
D:2:      layout_rooms, serial_shops, shop, minmay_crystal_room,
          chequers_avenue, minmay_split_cup_small
D:3:      minmay_roachtagon, layout_basic, general_overflow_altar

Action                   |  1- 3 |  4- 6 || total
-------------------------+-------+-------++-------
Melee: Long sword        |   105 |    31 ||   136
  Use: Potion            |       |     1 ||     1
Armor: Scale mail        |    53 |    11 ||    64
Dodge: Dodged            |    64 |    11 ||    75
Block: Buckler           |    31 |     6 ||    37
